 Dungeon Crawl Stone Soup version 0.21-a0-509-gecc5317 (webtiles) character file.

11668 dvd the Cleaver (level 11, -3/105 HPs)
             Began as a Troll Fighter on Nov 30, 2017.
             Was an Elder of Qazlal.
             Slain by a four-headed hydra (14 damage)
             ... on level 2 of the Lair of Beasts.
             The game lasted 00:23:31 (10466 turns).

dvd the Cleaver (Troll Fighter)                    Turns: 10466, Time: 00:23:32

Health: -3/105     AC:  5    Str: 35    XL:     11   Next: 52%
Magic:  10/10      EV: 12    Int:  4    God:    Qazlal [****..]
Gold:   465        SH: 21    Dex: 12    Spells: 9/10 levels left

rFire    . . .     SeeInvis .   b - +4 morningstar (freeze)
rCold    . . .     Gourm    +   c - +0 shield
rNeg     . . .     Faith    .   N - +0 robe
rPois    .         Spirit   .   (helmet restricted)
rElec    .         Reflect  .   (no cloak)
rCorr    .         Harm     .   (gloves unavailable)
MR       .....                  (boots unavailable)
Stlth    ++........             (no amulet)
HPRegen  0.67/turn              A - ring of Ufobuhac {Str+2 Stlth+}
MPRegen  0.12/turn              u - +4 ring of slaying

@: mighty, lethally poisoned (-3 -> -3), very slightly contaminated, invisible,
repel missiles
A: large, unfitting armour, claws 3, large bone plates 1, fast metabolism 3,
gourmand, regeneration 1, shaggy fur 1, strong 1, tough skin 2
a: Upheaval, Elemental Force, Renounce Religion


You were on level 2 of the Lair of Beasts.
You worshipped Qazlal.
Qazlal was greatly pleased with you.
You were very full.

You visited 3 branches of the dungeon, and saw 13 of its levels.

You collected 465 gold pieces.

Inventory:

Hand Weapons
 a - a +3 war axe
 b - a +4 morningstar of freezing (weapon)
 j - a +1 spear of piercing
 z - a +1 morningstar
 G - the +4 Vampire's Tooth {vamp}
   (You found it on level 4 of the Dungeon)

   It inflicts no extra harm, but heals its wielder when it wounds a living foe.
 H - a +5 rapier of draining
 L - a +2 battleaxe
 M - a +3 falchion of freezing
 O - a +1 trident of venom
Missiles
 k - 292 stones (quivered)
Armour
 c - a +0 shield (worn)
 N - a +0 robe (worn)
Jewellery
 h - an uncursed ring of fire
 q - an uncursed ring of fire
 u - a +4 ring of slaying (right claw)
 v - an uncursed ring of wizardry
 A - the ring of Ufobuhac (left claw) {Str+2 Stlth+}
   (You found it on level 1 of the Lair of Beasts)

   [ring of strength]

   It affects your strength (+2).
   It makes you more stealthy.
Wands
 r - a wand of digging (5)
 t - a wand of polymorph (18)
 x - a wand of random effects (21)
 C - a wand of paralysis (10)
 D - a wand of disintegration (8)
Scrolls
 i - 2 scrolls of teleportation
 l - 8 scrolls of identify
 n - 3 scrolls of amnesia
 w - a scroll of magic mapping
 y - 3 scrolls of remove curse
Potions
 e - a potion of brilliance {unknown}
 F - a potion of mutation
 I - 4 potions of curing
Books
 d - a book of Enchantments

   Spells                             Type                      Level
   a - Cause Fear                     Hexes                        4
   b - Yara's Violent Unravelling     Hexes/Transmutation          5
   c - Silence                        Hexes/Air                    5
   d - Deflect Missiles               Charms/Air                   6
   e - Discord                        Hexes                        8
 E - a book of Power

   Spells                             Type                      Level
   a - Iskenderun's Battlesphere      Conjuration/Charms           5
   b - Venom Bolt                     Conjuration/Poison           5
   c - Bolt of Magma                  Conjuration/Fire/Earth       5
   d - Iron Shot                      Conjuration/Earth            6
   e - Orb of Destruction             Conjuration                  7
   f - Spellforged Servitor           Conjuration/Summoning        7
 K - a book of Cantrips

   Spells                             Type                      Level
   a - Confusing Touch                Hexes                        1
   b - Animate Skeleton               Necromancy                   1
   c - Summon Small Mammal            Summoning                    1
   d - Apportation                    Translocation                1
Comestibles
 f - 9 bread rations
 g - 12 fruits
 m - 4 meat rations
 o - 3 royal jellies


   Skills:
 + Level 6.3 Fighting
 + Level 9.7(10.0) Axes
 + Level 4.4(8.1) Maces & Flails
 + Level 2.6 Throwing
 + Level 6.0 Dodging
 + Level 2.5 Stealth
 + Level 7.3 Shields
 + Level 0.2 Invocations
 + Level 0.2 Evocations


You had 9 spell levels left.
You knew the following spells:

 Your Spells              Type           Power        Failure   Level  Hunger
a - Apportation           Tloc           #.....       63%         1    ##.....


Dungeon Overview and Level Annotations

Branches:
Dungeon (10/15)            Temple (1/1) D:4            Lair (2/6) D:8
  Swamp: Lair:2-4    Shoals: Lair:2-4     Snake: Lair:2-4    Spider: Lair:2-4
    Orc: D:9-12

Altars:
Ashenzari
Cheibriados
Dithmenos
Elyvilon
Fedhas
Gozag
Hepliaklqana
Kikubaaqudgha
Makhleb
Nemelex Xobeh
Okawaru
Qazlal
Ru
Sif Muna
Trog
Uskayaw
Vehumet
Wu Jian
Xom
Yredelemnul
Zin
The Shining One

Shops:
D:5 :


Innate Abilities, Weirdness & Mutations

You are too large for most types of armour.
You have claws for hands.
Your metabolism is lightning-fast.
You like to eat raw meat.
Your natural rate of healing is unusually fast.
You are covered in fur. (AC +1)
You have very tough skin. (AC +2)
You are partially covered in large bone plates. (SH +4)
Your muscles are strong. (Str +2)


Message History

The blink frog is engulfed in freezing vapours.
You block the blink frog's attack.
You are very lightly contaminated with residual magic.
A death yak comes into view.
Unknown command.
A hydra and a spiny frog come into view.
The spiny frog croaks.
The blink frog is engulfed in freezing vapours.
The blink frog is engulfed in blazing flames.
You kill the blink frog!
Qazlal accepts your kill.
A blink frog comes into view.
You hear a bellow!
You feel sick.
You hear a bellow!
The blink frog is engulfed in freezing vapours.
The blink frog seems to slow down.
The four-headed hydra is engulfed in blazing flames.
The four-headed hydra bites you!
You die...

.... ....... #........
#......... ##. ###
#..........
...P#######.###..........
..........@#.Y..YY.Y.P.#.
.......<..§D§.............
.............§............
............#F§...........
...........###.§†.........
........F..###..F.........
........P.P#..#.†.........
................F.......?.
.......##........)........


You could see a four-headed hydra, a spiny frog (wandering) and 3 blink frogs.

Vanquished Creatures
  A hydra (Lair:1)
  2 two-headed ogres
  Nergalle (Lair:2)
  A black mamba (Lair:1)
  A gargoyle (D:10)
  The ghost of Gildeon the Magician, a novice DgCj (D:5)
  2 spiny frogs (Lair:1)
  2 komodo dragons
  Grinder (D:6)
  2 blink frogs (Lair:2)
  Eustachio (D:4)
  6 yaks (Lair:1)
  A wyvern (Lair:2)
  A basilisk (Lair:1)
  3 water moccasins
  2 black bears
  A sky beast (D:8)
  An eye of draining (D:10)
  An ice beast (D:5)
  2 phantoms
  5 centaurs
  5 ogres
  4 crocodiles
  3 big kobolds
  7 bullfrogs
  Blork the orc (D:6)
  A gnoll sergeant (D:7)
  3 scorpions
  6 killer bees (D:7)
  14 wights
  3 howler monkeys
  2 vampire bats (D:4)
  2 electric eels (D:8)
  3 crimson imps
  A centaur zombie (D:8)
  5 jellies
  2 bullfrog skeletons
  5 hounds
  6 orc wizards
  4 iguanas
  Terence (D:3)
  6 hell rats (Lair:1)
  5 worker ants
  A hound zombie (D:5)
  A hound skeleton (D:7)
  2 worker ant zombies
  4 gnolls (D:7)
  5 adders
  4 shadow imps
  An ooze (D:1)
  2 adder skeletons
  An adder zombie (D:6)
  A worm (D:4)
  A dart slug (D:1)
  2 leopard geckos
  20 orcs
  4 giant cockroaches
  4 hobgoblins
  19 jackals
  19 kobolds
  5 quokkas
  11 bats
  3 frilled lizards
  4 goblins
  6 rats
247 creatures vanquished.

Vanquished Creatures (others)
  6 fungi
6 creatures vanquished.

Grand Total: 253 creatures vanquished

Notes
Turn   | Place    | Note
-------+----------+-------------------------------------------
     0 | D:1      | dvd the Troll Fighter began the quest for the Orb.
     0 | D:1      | Reached XP level 1. HP: 22/22 MP: 0/0
   150 | D:1      | Reached XP level 2. HP: 29/29 MP: 1/1
   445 | D:1      | Reached skill level 2 in Axes
   535 | D:2      | Found a shadowy altar of Dithmenos.
   637 | D:2      | Reached XP level 3. HP: 36/36 MP: 2/2
  1226 | D:3      | Found a deep blue altar of Sif Muna.
  1254 | D:3      | Noticed Terence
  1266 | D:3      | Killed Terence
  1266 | D:3      | Reached XP level 4. HP: 43/44 MP: 3/3
  1489 | D:3      | Reached XP level 5. HP: 52/52 MP: 4/4
  1774 | D:3      | Reached skill level 3 in Axes
  1942 | D:3      | Found an ornate altar of the Wu Jian Council.
  1946 | D:3      | Found a radiant altar of Vehumet.
  1951 | D:3      | Found a stormy altar of Qazlal.
  1951 | D:3      | Found a hazy altar of Hepliaklqana.
  1951 | D:3      | Found a white marble altar of Elyvilon.
  1951 | D:3      | Found a sparkling altar of Nemelex Xobeh.
  1951 | D:3      | Found a shimmering altar of Xom.
  1953 | D:3      | Found an ancient bone altar of Kikubaaqudgha.
  1956 | D:3      | Found a basalt altar of Yredelemnul.
  1993 | D:3      | Became a worshipper of Qazlal Stormbringer
  2071 | D:4      | Found a staircase to the Ecumenical Temple.
  2371 | D:4      | Found the +4 Vampire's Tooth {vamp}
  2375 | D:4      | Reached skill level 1 in Throwing
  2375 | D:4      | Reached XP level 6. HP: 57/61 MP: 5/5
  2439 | D:4      | Found a sacrificial altar of Ru.
  2867 | D:4      | Noticed Eustachio
  2886 | D:4      | Killed Eustachio
  2886 | D:4      | Reached skill level 4 in Axes
  3248 | D:5      | Entered Level 5 of the Dungeon
  3264 | D:5      | Reached XP level 7. HP: 67/67 MP: 6/6
  3283 | D:5      | Found an iron altar of Okawaru.
  3408 | Temple   | Entered the Ecumenical Temple
  3622 | D:5      | Reached * piety under Qazlal
  3622 | D:5      | Reached skill level 5 in Axes
  3655 | D:5      | Found Kenexzewn's Book Emporium.
  3726 | D:5      | Reached XP level 8. HP: 67/78 MP: 7/7
  3899 | D:5      | Noticed Gildeon's ghost (novice DgCj)
  3926 | D:5      | Killed Gildeon's ghost
  4013 | D:5      | Reached skill level 6 in Axes
  4235 | D:5      | Found an opulent altar of Gozag.
  4407 | D:6      | Noticed Grinder
  4424 | D:6      | Killed Grinder
  4424 | D:6      | Reached skill level 1 in Stealth
  4657 | D:6      | Noticed Blork the orc
  4662 | D:6      | Killed Blork the orc
  4772 | D:6      | Learned a level 1 spell: Apportation
  5003 | D:6      | Reached XP level 9. HP: 80/85 MP: 8/8
  5097 | D:6      | Reached ** piety under Qazlal
  5097 | D:6      | Reached skill level 7 in Axes
  5849 | D:7      | Gained mutation: Your muscles are strong. (Str +2) [potion of mutation]
  5849 | D:7      | Gained mutation: You are partially covered in large bone plates. (SH +4) [potion of mutation]
  5855 | D:7      | Reached skill level 1 in Maces & Flails
  6187 | D:7      | Reached skill level 5 in Shields
  6401 | D:6      | Reached skill level 5 in Fighting
  7335 | D:8      | Found a staircase to the Lair.
  7444 | D:8      | Found a white marble altar of Elyvilon.
  7464 | D:8      | Noticed a two-headed ogre
  7472 | D:8      | Killed a two-headed ogre
  7472 | D:8      | Reached skill level 5 in Dodging
  7472 | D:8      | Reached XP level 10. HP: 79/96 MP: 9/9
  7474 | D:8      | Reached *** piety under Qazlal
  7571 | D:8      | Found a hazy altar of Hepliaklqana.
  7596 | D:8      | Reached skill level 8 in Axes
  8877 | D:10     | Entered Level 10 of the Dungeon
  8908 | D:10     | Reached **** piety under Qazlal
  8920 | D:10     | Noticed a gargoyle
  8931 | D:10     | Killed a gargoyle
  8961 | D:10     | Noticed a two-headed ogre
  8970 | D:10     | Killed a two-headed ogre
  8970 | D:10     | Reached skill level 9 in Axes
  9287 | Lair:1   | Entered Level 1 of the Lair of Beasts
  9287 | Lair:1   | Noticed a spiny frog
  9295 | Lair:1   | Killed a spiny frog
  9342 | Lair:1   | Noticed a spiny frog
  9352 | Lair:1   | Killed a spiny frog
  9352 | Lair:1   | Reached XP level 11. HP: 22/105 MP: 10/10
  9727 | Lair:1   | Noticed a four-headed hydra
  9733 | Lair:1   | Killed a four-headed hydra
 10013 | Lair:1   | Got a brightly glowing pewter ring
 10049 | Lair:1   | Identified the ring of Ufobuhac {Str+2 Stlth+} (You found it on level 1 of the Lair of Beasts)
 10420 | Lair:2   | Noticed Nergalle
 10435 | Lair:2   | Killed Nergalle
 10456 | Lair:2   | Noticed a death yak
 10460 | Lair:2   | Noticed a death yak
 10461 | Lair:2   | Noticed a death yak
 10463 | Lair:2   | Noticed a death yak
 10463 | Lair:2   | Noticed a four-headed hydra
 10466 | Lair:2   | Slain by a four-headed hydra

Vault maps used:
D:1:      dpeg_arrival_water_temple_mockup, minivault_25
D:2:      nicolae_dithmenos_shadow_blocks, grunt_decor_one_mirror,
          minmay_liquid_box
D:3:      cheibrodos_old_hovel, led_sif_book, minitemple, serial_park_tiny_pond,
          uniq_terence
D:4:      lemuel_crystal_altar, minmay_temple_entry_junction, first_bread,
          minmay_guarded_unrand_vampires_tooth, uniq_eustachio
D:5:      nicolae_gozag_cash_rules_everything_around_me, serial_shops, shop,
          hex_intersection, okawaru_ov_weapons_minmay
D:6:      corexii_leaking_fountain, hangedman_decor_points, uniq_blork_the_orc,
          uniq_grinder
D:7:      grunt_ogre_cave
D:8:      lair_entry_dummy, basic_altar, elyvilon_altar_3
D:9:      minmay_misc_feat_ornament, minivault_26
D:10:     kennysheep_nondescript, makhleb_altar_promises_db
Temple:   nicolae_temple_figure_zero
Lair:2:   guppyfry_snake_entry_garden, special_room, uniq_nergalle

Skill      XL: |  1  2  3  4  5  6  7  8  9 10 11 |
---------------+----------------------------------+-----
Axes           | 2 3 4 5 6 7 9 |  9.7
Dodging        | 3 4 5 6 |  6.0
Shields        | 3 4 5 6 7 |  7.3
Fighting       | 3 4 5 6 |  6.3
Throwing       | 1 2 |  2.6
Stealth        | 1 2 |  2.5
Maces & Flails | 3 4 |  4.4
Invocations    | |  0.2
Evocations     | |  0.2

Action                   |  1- 3 |  4- 6 |  7- 9 | 10-12 || total
-------------------------+-------+-------+-------+-------++-------
Melee: War axe           |    70 |    81 |   226 |   144 ||   521
       Morningstar       |       |       |    29 |    53 ||    82
Throw: Stone             |    17 |    56 |    22 |    20 ||   115
Invok: Upheaval          |       |       |     2 |       ||     2
Evoke: Wand              |       |     3 |     3 |     3 ||     9
  Use: Potion            |       |       |     8 |     5 ||    13
       Scroll            |       |       |     7 |     6 ||    13
 Stab: Sleeping          |       |     1 |       |       ||     1
       Paralysed         |       |       |     3 |     3 ||     6
       Invisible         |       |       |     1 |     5 ||     6
  Eat: Chunk             |    15 |    20 |    37 |    26 ||    98
       Bread ration      |       |       |       |     1 ||     1
Armor: Robe              |    39 |    34 |    43 |    18 ||   134
       Skin              |       |       |    44 |       ||    44
Dodge: Dodged            |    28 |    35 |   112 |    40 ||   215
       Deflected         |       |       |       |     2 ||     2
Block: Shield            |    41 |    52 |   144 |   193 ||   430
       Other             |       |       |    15 |       ||    15

Table legend:
 A = Spawn XP
 B = Non-spawn XP
 C = Spawn XP percentage of total XP
 D = Spawn monster count
 E = Non-spawn monster count
 F = Spawn count percentage of total count
 G = Total turns spent on level
                    A         B        C        D         E        F      G
               +---------+---------+-------+---------+---------+-------+---------
         Total |       0 |   16669 |   0.0 |       0 |     247 |   0.0 | 10466
               +---------+---------+-------+---------+---------+-------+---------
           D:1 |       0 |      40 |   0.0 |       0 |      19 |   0.0 |   527
           D:2 |       0 |      10 |   0.0 |       0 |       8 |   0.0 |   578
           D:3 |       0 |     228 |   0.0 |       0 |      25 |   0.0 |   936
           D:4 |       0 |     482 |   0.0 |       0 |      23 |   0.0 |  1337
           D:5 |       0 |    1391 |   0.0 |       0 |      24 |   0.0 |   911
           D:6 |       0 |    1294 |   0.0 |       0 |      23 |   0.0 |  1506
           D:7 |       0 |    1066 |   0.0 |       0 |      29 |   0.0 |  1040
           D:8 |       0 |    2158 |   0.0 |       0 |      21 |   0.0 |  1080
           D:9 |       0 |     803 |   0.0 |       0 |      25 |   0.0 |  1072
          D:10 |       0 |    2310 |   0.0 |       0 |      17 |   0.0 |   182
        Lair:1 |       0 |    5175 |   0.0 |       0 |      27 |   0.0 |  1121
        Lair:2 |       0 |    1712 |   0.0 |       0 |       6 |   0.0 |    58
               +---------+---------+-------+---------+---------+-------+---------
